 Dungeon Crawl Stone Soup version 0.30-a0-1008-g30c9307041 (webtiles) character file.

Game seed: 9836576285470649608

12655 jasper the Destroyer (level 11, 0/81 HPs)
             Began as a Demonspawn Venom Mage on Apr 5, 2023.
             Was a Priest of Sif Muna.
             Slain by a seven-headed hydra (10 damage)
             ... on level 2 of the Lair of Beasts.
             The game lasted 00:27:27 (13839 turns).

jasper the Destroyer (Demonspawn Venom Mage)       Turns: 13839, Time: 00:27:28

Health: 0/81       AC: 11    Str: 10    XL:     11   Next: 65%
Magic:  2/22       EV: 18    Int: 20    God:    Sif Muna [***...]
Gold:   1360       SH:  9    Dex: 13    Spells: 3/25 levels left

rFire   . . .      SeeInvis .    n - staff of poison
rCold   . . .      Faith    +    B - +0 buckler
rNeg    . . .      Spirit   .    w - +0 steam dragon scales
rPois   +          Reflect  .    (no helmet)
rElec   .          Rampage  .    D - +2 cloak {rCorr}
rCorr   +                        (gloves unavailable)
Will    .....                    G - +0 pair of boots {Stlth+}
Stlth   +++                      u - amulet of faith
HPRegen 0.33/turn                E - +4 ring of slaying
MPRegen 0.18/turn                f - +5 ring of evasion

@: very slightly contaminated
A: claws 3, slimy green scales 1, spiny 2, condensation shield
a: Renounce Religion, Channel Magic, Forget Spell


You were on level 2 of the Lair of Beasts.
You worshipped Sif Muna.
Sif Muna was most pleased with you.
You visited 2 branches of the dungeon, and saw 13 of its levels.
You also visited: Sewer and Bailey.

You collected 1649 gold pieces.
You spent 289 gold pieces at shops.

Inventory:

Hand Weapons
 c - a +1 dagger
 e - a +0 hand axe
Missiles
 v - a throwing net
Armour
 a - a +0 robe
 o - a +0 pair of gloves
 w - +0 steam dragon scales (worn)
 B - a +0 buckler (worn)
 D - a +2 cloak of preservation (worn)
 G - a +0 pair of boots of stealth (worn)
 J - a +0 cloak
Magical Staves
 g - a staff of fire
 n - a staff of poison (weapon)
Jewellery
 f - a +5 ring of evasion (right claw)
 i - a +6 ring of strength
 p - a ring of ice
 u - an amulet of faith (around neck)
 E - a +4 ring of slaying (left claw)
 I - a ring of fire
 K - a +5 ring of evasion
 O - an amulet of guardian spirit
Wands
 H - a wand of flame (8)
 N - a wand of polymorph (8)
Scrolls
 l - 2 scrolls of fear
 s - 2 scrolls of enchant weapon
 y - 4 scrolls of teleportation
 C - a scroll of magic mapping
 F - 3 scrolls of enchant armour
Potions
 b - 2 potions of magic
 d - 2 potions of brilliance
 h - 4 potions of curing
 j - a potion of resistance
 k - a potion of flight
 m - 3 potions of haste
 q - a potion of lignification
 r - 2 potions of might
 t - 2 potions of attraction
 x - 2 potions of cancellation
 z - a potion of berserk rage
 A - 3 potions of heal wounds
 M - a potion of ambrosia


   Skills:
 + Level 5.8 Fighting
 + Level 5.6 Dodging
 - Level 1.7 Stealth
 + Level 3.6 Shields
 + Level 7.5 Spellcasting
 * Level 8.4 Conjurations
 + Level 4.4 Necromancy
 - Level 0.8 Transmutations
 - Level 1.0 Air Magic
 * Level 7.7 Earth Magic
 - Level 5.0 Poison Magic
 + Level 6.5 Invocations


You had 3 spell levels left.
You knew the following spells:

 Your Spells              Type           Power      Damage    Failure   Level
a - Iron Shot             Conj/Erth      19%        9d4       54%         6
b - Poisonous Vapours     Pois/Air       58%        N/A       5%          2
c - Mephitic Cloud        Conj/Pois/Air  40%        N/A       4%          3
d - Stone Arrow           Conj/Erth      78%        3d11      1%          3
e - Olgreb's Toxic Radia  Pois           41%        N/A       16%         4
f - Passwall              Tmut/Erth      20%        N/A       3%          2
g - Sublimation of Blood  Necr           25%        N/A       3%          2

Your spell library contained the following spells:

 Spells                   Type           Power      Damage    Failure   Level
 Sandblast                Erth           76%        2d16      1%          1
 Sting                    Tmut/Pois      100%       1d8       3%          1
 Hailstorm                Conj/Ice       24%        3d7       6%          3
 Freeze                   Ice            28%        1d5       12%         1
 Wereblood                Tmut           10%        N/A       13%         2
 Frozen Ramparts          Ice            14%        1d3       34%         3
 Ozocubu's Armour         Ice            7%         N/A       34%         3
 Tukima's Dance           Hex            7%         N/A       34%         3
 Animate Armour           Summ/Erth      46%        N/A       24%         4
 Passage of Golubria      Tloc           7%         N/A       75%         4
 Blade Hands              Tmut           5%         N/A       93%         5
 Yara's Violent Unravell  Hex/Tmut       4%         3d4       95%         5
 Metabolic Englaciation   Hex/Ice        3%         N/A       97%         5
 Summon Forest            Summ/Tloc      3%         N/A       97%         5
 Eringya's Noxious Bog    Tmut/Pois      14%        N/A       99%         6
 Simulacrum               Ice/Necr       8%         N/A       100%        6
 Summon Hydra             Summ           3%         N/A       100%        7


Dungeon Overview and Level Annotations

Branches:
Dungeon (11/15)            Temple (0/1) D:7            Lair (2/5) D:8
 Spider (0/4) Lair:2        Sewer (visited)          Bailey (visited)
  Swamp: Lair:2-3    Shoals: Lair:2-3       Orc: D:9-12

Altars:
Fedhas
Hepliaklqana
Kikubaaqudgha
Makhleb
Qazlal
Sif Muna
Trog
Vehumet
Xom
Yredelemnul

Shops:
D:5 [   D:8 [

Annotations:
D:7 1 runed translucent door, retardedninja's ghost, novice NaFi
Lair:1 1 transporter, Kushur's ghost, journeyman VSGl


Innate Abilities, Weirdness & Mutations

You have claws for hands.
You are partially covered in slimy green scales. (AC +2)
You are mostly covered in sharp spines.
A meltable shield of frost defends you. (SH +4)


Message History

The seven-headed hydra bites you! The seven-headed hydra bites you.
The seven-headed hydra closely misses you.
The seven-headed hydra bites you but does no damage.
You take 9 damage, and have 57/81 hp.
You now have 11/22 mp.
Aiming: Stone Arrow (safe; 1% risk of failure)
Press: ? - help, Q - select action, (/) - cycle Shift-Dir - straight line, f/p - seven-headed hydra
Aim: a seven-headed hydra (moderately wounded, 91% to hit)
The stone arrow hits the seven-headed hydra!
The seven-headed hydra is heavily wounded.
The seven-headed hydra is struck by your spines.
The seven-headed hydra bites you! The seven-headed hydra bites you.
The seven-headed hydra barely misses you.
The seven-headed hydra bites you! The seven-headed hydra misses you.
You block the seven-headed hydra's attack.
The seven-headed hydra closely misses you.
You take 28 damage, and have 29/81 hp.
MASSIVE DAMAGE!!
You now have 8/22 mp.
Aiming: Stone Arrow (safe; 1% risk of failure)
Press: ? - help, Q - select action, (/) - cycle Shift-Dir - straight line, f/p - seven-headed hydra
Aim: a seven-headed hydra (heavily wounded, 91% to hit)
The stone arrow hits the seven-headed hydra!
The seven-headed hydra is severely wounded.
The seven-headed hydra is struck by your spines.
The seven-headed hydra bites you but does no damage.
You block the seven-headed hydra's attack.
The seven-headed hydra bites you!
* * * LOW HITPOINT WARNING * * *
The seven-headed hydra bites you.
* * * LOW HITPOINT WARNING * * *
The seven-headed hydra barely misses you.
The seven-headed hydra bites you!
* * * LOW HITPOINT WARNING * * *
The seven-headed hydra barely misses you.
You take 20 damage, and have 9/81 hp.
MASSIVE DAMAGE!!
You now have 5/22 mp.
Aiming: Stone Arrow (safe; 1% risk of failure)
Press: ? - help, Q - select action, (/) - cycle Shift-Dir - straight line, f/p - seven-headed hydra
Aim: a seven-headed hydra (severely wounded, 91% to hit)
The stone arrow hits the seven-headed hydra!
The seven-headed hydra is almost dead.
The seven-headed hydra bites you!
You die...

##P..##########
##....# #.#...#
####...#
#..#...#
####.....#
#.......##
##.###### ###@#
##.#D# #...†#
##...# #...#
##..# #..# #...
##.#.


You could see a seven-headed hydra.

Vanquished Creatures
  A hydra (Lair:2)
  A death yak (Lair:2)
  Nergalle (Lair:2)
  2 orc knights (Bailey)
  2 black mambas (Lair:2)
  A cane toad (Lair:2)
  Maggie (D:8)
  2 komodo dragons
  2 trolls (D:9)
  A hornet (Lair:2)
  3 spriggans (Lair:1)
  3 wyverns
  4 yaks (D:10)
  2 steam dragons
  3 vampire mosquitoes (D:8)
  3 redbacks (Lair:2)
  8 water moccasins
  Duvessa (D:5)
  A black bear (Lair:1)
  9 orc warriors
  3 ice beasts
  An ogre (D:7)
  5 wolves (Lair:1)
  A phantom (D:4)
  A centaur (D:5)
  9 kobold brigands
  3 scorpions
  6 bullfrogs
  3 wights (D:8)
  Dowan (D:5)
  4 howler monkeys
  3 hounds
  7 orc priests
  A gnoll bouda (D:5)
  5 iguanas
  7 orc wizards
  7 gnolls
  11 adders
  2 river rats (D:3)
  A shadow imp (D:7)
  11 worms
  3 dart slugs
  47 orcs
  3 bats
  14 endoplasms
  5 giant cockroaches
  9 goblins
  5 hobgoblins
  6 jackals
  4 quokkas
  17 ball pythons
  2 frilled lizards
  29 kobolds
  11 rats
298 creatures vanquished.

Vanquished Creatures (others)
  7 fungi
  13 plants
20 creatures vanquished.

Grand Total: 318 creatures vanquished

Notes
Turn   | Place    | Note
-------+----------+-------------------------------------------
     0 | D:1      | jasper the Demonspawn Venom Mage began the quest for the
                  | Orb.
     0 | D:1      | Reached XP level 1. HP: 13/13 MP: 3/3
   374 | D:1      | Gained mutation: A meltable shield of frost defends you.
                  | (SH +4) [demonic ancestry]
   374 | D:1      | Reached XP level 2. HP: 19/19 MP: 3/5
   795 | D:1      | Learned a level 2 spell: Poisonous Vapours
  1218 | D:2      | Gained mutation: You have sharp fingernails. [demonic
                  | ancestry]
  1218 | D:2      | Reached XP level 3. HP: 24/24 MP: 3/6
  1222 | D:2      | Learned a level 3 spell: Mephitic Cloud
  1729 | D:2      | Gained mutation: You have very sharp fingernails. [demonic
                  | ancestry]
  1729 | D:2      | Reached XP level 4. HP: 30/30 MP: 5/7
  1826 | D:2      | Found a faded altar of an unknown god.
  1881 | D:2      | Reached skill level 5 in Poison Magic
  2122 | D:3      | Found a glowing drain.
  2138 | Sewer    | Entered a sewer
  2164 | Sewer    | Learned a level 3 spell: Stone Arrow
  2225 | Sewer    | Noticed a kobold brigand
  2246 | Sewer    | Killed a kobold brigand
  2247 | Sewer    | Gained mutation: You are partially covered in sharp spines.
                  | [demonic ancestry]
  2247 | Sewer    | Reached XP level 5. HP: 31/35 MP: 4/10
  2470 | Sewer    | Gained mutation: You are mostly covered in sharp spines.
                  | [demonic ancestry]
  2470 | Sewer    | Reached XP level 6. HP: 32/41 MP: 2/12
  2475 | Sewer    | Reached skill level 5 in Spellcasting
  2491 | Sewer    | Learned a level 4 spell: Olgreb's Toxic Radiance
  2494 | Sewer    | Learned a level 2 spell: Passwall
  3269 | Sewer    | Reached skill level 1 in Earth Magic
  3362 | Sewer    | Reached skill level 1 in Conjurations
  3362 | Sewer    | Gained mutation: You have claws for hands. [demonic
                  | ancestry]
  3362 | Sewer    | Reached XP level 7. HP: 47/47 MP: 5/14
  3727 | D:3      | Reached skill level 1 in Fighting
  4175 | D:3      | Found an ancient bone altar of Kikubaaqudgha.
  4643 | D:4      | Found a burning altar of Makhleb.
  4729 | D:4      | Found a shimmering altar of Xom.
  4730 | D:4      | Found a hazy altar of Hepliaklqana.
  4731 | D:4      | Noticed a spectral ugly thing
  4897 | D:4      | Reached skill level 2 in Conjurations
  4897 | D:4      | Reached skill level 1 in Air Magic
  5319 | D:4      | Found a basalt altar of Yredelemnul.
  5900 | D:4      | Reached skill level 3 in Conjurations
  5900 | D:4      | Reached XP level 8. HP: 56/56 MP: 10/16
  6180 | D:4      | Found a blossoming altar of Fedhas.
  6218 | D:5      | Entered Level 5 of the Dungeon
  6223 | D:5      | Found Neodi's Armour Shop.
  6242 | D:5      | Bought a +1 cloak of preservation for 231 gold pieces
  6996 | D:5      | Noticed Dowan
  7004 | D:5      | Found a shimmering blue altar of Sif Muna.
  7011 | D:5      | Killed Dowan
  7027 | D:5      | Became a worshipper of Sif Muna the Loreminder
  7029 | D:5      | Got Sif Muna's Tome of the Xenolith
  7038 | D:5      | Noticed Duvessa
  7061 | D:5      | Killed Duvessa
  7062 | D:5      | Reached skill level 4 in Conjurations
  7257 | D:5      | Found a bloodstained altar of Trog.
  7491 | D:6      | HP: 2/57 [steam dragon (8)]
  7500 | D:6      | Reached skill level 1 in Invocations
  7686 | D:6      | Reached XP level 9. HP: 64/64 MP: 5/18
  7872 | D:6      | Found a radiant altar of Vehumet.
  8096 | D:7      | Noticed retardedninja's ghost (novice NaFi)
  8111 | D:7      | Reached skill level 5 in Conjurations
  8224 | D:7      | Found a runed translucent door.
  8468 | D:7      | Identified a scroll of acquirement
  8468 | D:7      | Acquired 982 gold pieces
  8516 | D:7      | Reached * piety under Sif Muna
  8517 | D:7      | Reached skill level 5 in Earth Magic
  8818 | D:7      | Found a staircase to the Ecumenical Temple.
  8833 | D:7      | Found a stormy altar of Qazlal.
  8981 | D:7      | Learned a level 2 spell: Sublimation of Blood
  9132 | D:8      | Found a staircase to the Lair.
  9139 | D:8      | Found Maathruo's Armour Shoppe.
  9142 | D:8      | Bought a +0 buckler for 58 gold pieces
  9206 | D:8      | Reached skill level 1 in Necromancy
  9323 | D:8      | Reached skill level 6 in Conjurations
  9547 | D:8      | Reached skill level 1 in Shields
  9551 | D:8      | Found a flagged portal.
  9706 | Bailey   | Entered a bailey
  9882 | Bailey   | Noticed an orc knight
 10097 | Bailey   | Noticed an orc knight
 10101 | Bailey   | Reached XP level 10. HP: 72/72 MP: 1/19
 10101 | Bailey   | Killed an orc knight
 10196 | Bailey   | Killed an orc knight
 10426 | Bailey   | Found the +15 Maxwell's patent armour {-Cast -Tele rElec
                  | Will+ rCorr}
 10636 | D:8      | Reached ** piety under Sif Muna
 10847 | D:8      | Noticed Maggie
 10925 | D:8      | Killed Maggie
 11316 | D:9      | Reached skill level 7 in Conjurations
 11327 | D:9      | Reached skill level 5 in Invocations
 11562 | D:9      | Identified the +2 leather armour "Ihugenli" {Will++}
 11910 | D:10     | Entered Level 10 of the Dungeon
 12164 | D:10     | Reached skill level 5 in Fighting
 12164 | D:10     | Reached skill level 5 in Dodging
 12296 | D:10     | Reached *** piety under Sif Muna
 12305 | D:10     | Learned a level 6 spell: Iron Shot
 12489 | D:10     | Identified the +0 long sword "Moc Wydgh" {freeze, rN+ Int+3
                  | Dex+4}
 12624 | D:11     | Noticed a skeletal warrior
 12717 | Lair:1   | Entered Level 1 of the Lair of Beasts
 12916 | Lair:1   | Noticed a spriggan rider
 12917 | Lair:1   | Found a bloodstained altar of Trog.
 12918 | Lair:1   | Noticed Kushur's ghost (journeyman VSGl)
 12944 | Lair:1   | Gained mutation: You are partially covered in slimy green
                  | scales. (AC +2) [demonic ancestry]
 12944 | Lair:1   | Reached XP level 11. HP: 79/79 MP: 10/21
 13124 | Lair:1   | Found a transporter.
 13128 | Lair:1   | Found a transporter.
 13394 | Lair:2   | Noticed Nergalle
 13411 | Lair:2   | Killed Nergalle
 13412 | Lair:2   | Reached skill level 8 in Conjurations
 13636 | Lair:2   | Found a hole to the Spider Nest.
 13818 | Lair:2   | Noticed a death yak
 13823 | Lair:2   | Noticed a seven-headed hydra
 13824 | Lair:2   | Noticed a five-headed hydra
 13834 | Lair:2   | Killed a five-headed hydra
 13835 | Lair:2   | Killed a death yak
 13839 | Lair:2   | Slain by a seven-headed hydra

Illustrated notes

Levels and vault maps discovered:
D:1:      dpeg_arrival_radiant, layout_loops_cross, minmay_crystal_room
D:2:      layout_rooms, shapermc_ecumenical_altar_mp_ritualfount, minivault_19,
          minmay_pentomino_q4
D:3:      layout_loops_cross, mainiacjoe_overflow_brackets,
          gup_sewer_entry_bubbles
D:4:      minmay_thinvault, layout_cave_pods, regret_index_temple_of_mockery,
          fedhas_altar_decomposition, nicolae_overflow_hidden_temple,
          old_standard_altar, kennysheep_generic_room_6
D:5:      layout_loops_ring, nzn_overflow_gifts_of_might_and_magic,
          serial_shops, nicolae_shop_advertising_works
          [nicolae_subvault_shop_adworks], amcnicky_mini_pool_small
D:6:      layout_rooms, nicolae_vehumet_altar_sigil, minmay_misc_feat_plants
D:7:      layout_cave_pools, lemuel_crystal_altar, minmay_temple_entry_fiery,
          hellmonk_ghost_happy_afterlife
D:8:      layout_loops_ring, lair_entry_dummy, enter_bailey_8, serial_shops,
          nicolae_shop_behind_doors, minmay_large_rounded_square, uniq_maggie
D:9:      layout_cave_pools, dk_noncrumbling_4
D:10:     layout_big_octagon
D:11:     layout_loops_corners, zombieorc1_lemuel,
          minmay_mirror_moons_of_madness
Lair:1:   layout_long_grid, gammafunk_ghost_wrathful_warriors, pond
Lair:2:   nzn_winding_woodlands_stair_cross [nzn_winding_woodlands_5x15_pool,
          nzn_winding_woodlands_center_garden,
          nzn_winding_woodlands_5x15_sawtooth, nzn_winding_woodlands_5x5_cross,
          nzn_winding_woodlands_hourglass,
          nzn_winding_woodlands_5x15_lazy_stream,
          nzn_winding_woodlands_center_diamonds,
          nzn_winding_woodlands_5x15_longhouse], layout_cave_shapes,
          spider_nest_entry_webs, serial_bayou_shore_a, uniq_nergalle

Skill      XL: |  1  2  3  4  5  6  7  8  9 10 11 |
---------------+----------------------------------+-----
Poison Magic   | 4 5 |  5.0
Spellcasting   | 3 4 5 6 7 |  7.5
Dodging        | 2 3 4 5 |  5.6
Earth Magic    | 1 3 4 5 6 7 |  7.7
Conjurations   | 1 3 4 6 7 8 |  8.4
Fighting       | 2 3 4 5 |  5.8
Air Magic      | 1 |  1.0
Invocations    | 1 4 5 6 |  6.5
Necromancy     | 1 3 4 |  4.4
Shields        | 1 2 3 |  3.6
Stealth        | |  1.7
Transmutations | |  0.8

Action                     |  1- 3 |  4- 6 |  7- 9 | 10-12 || total
---------------------------+-------+-------+-------+-------++-------
  Melee: Dagger            |    14 |       |       |       ||    14
         Unarmed           |     6 |       |       |       ||     6
         Staff             |    30 |    34 |    21 |    31 ||   116
         Punch             |       |       |     1 |       ||     1
   Cast: Sting             |    51 |    71 |    97 |    20 ||   239
         Poisonous Vapours |     3 |    27 |    67 |    40 ||   137
         Stone Arrow       |       |       |    22 |    54 ||    76
         Olgreb's Toxic Ra |       |       |    31 |    28 ||    59
         Mephitic Cloud    |       |       |     4 |     6 ||    10
 Invoke: Channel Magic     |       |       |       |     1 ||     1
  Evoke: Wand              |       |       |     4 |     4 ||     8
    Use: Scroll            |     4 |     4 |    10 |     7 ||    25
         Potion            |       |       |     4 |     2 ||     6
 Armour: Robe              |    15 |     2 |     6 |     2 ||    25
         Steam dragon scal |       |       |       |    24 ||    24
  Dodge: Dodged            |    62 |    51 |    76 |    91 ||   280
  Block: Other             |    11 |    12 |    13 |       ||    36
         Buckler           |       |       |       |    58 ||    58

Table legend: (Time is in decaauts)
 A = Elapsed time spent in this place.
 B = Non-inter-level travel time spent in this place.
 C = Inter-level travel time spent in this place.
 D = Time resting spent in this place.
 E = Time spent auto-exploring this place.
 F = Levels seen in this place.
 G = Mean time per level.
                   A        B        C        D        E       F      G
               +--------+--------+--------+--------+--------+-----+--------+
         Total |  14042 |  13673 |    369 |    463 |  10867 |  15 |  936.1 |
       Dungeon |  10651 |  10300 |    351 |    241 |   8354 |  11 |  968.3 |
          Lair |   1125 |   1108 |     17 |    150 |    743 |   2 |  562.5 |
         Sewer |   1503 |   1503 |      0 |     29 |   1203 |   1 | 1503.0 |
        Bailey |    761 |    761 |      0 |     43 |    566 |   1 |  761.0 |
               +--------+--------+--------+--------+--------+-----+--------+

Top non-repeatable levels by time:
     D:4: 1751 daAuts
   Sewer: 1503 daAuts
     D:5: 1263 daAuts
     D:3: 1226 daAuts
     D:8: 1224 daAuts
     D:1: 1068 daAuts
     D:7: 1041 daAuts
     D:2: 861 daAuts
     D:9: 827 daAuts
  Bailey: 761 daAuts
    D:10: 691 daAuts
  Lair:1: 638 daAuts
     D:6: 609 daAuts
  Lair:2: 486 daAuts
    D:11: 85 daAuts
